 Dungeon Crawl Stone Soup version 0.24.1-11-gbbbb2193e6 (webtiles) character file.

Game seed: 12887803180487079408, levelgen mode: deterministic

12385 Peloso the Carver (level 11, -1/86 HPs)
             Began as a Demonspawn Fighter on May 13, 2020.
             Was an Elder of Okawaru.
             Slain by a sun demon (16 damage)
             ... on level 2 of the Abyss.
             The game lasted 00:28:07 (13356 turns).

Peloso the Carver (Demonspawn Fighter)             Turns: 13356, Time: 00:28:07

Health: -1/86      AC: 22    Str: 24    XL:     11   Next: 61%
Magic:  10/12      EV: 12    Int: 11    God:    Okawaru [****..]
Gold:   349        SH: 14    Dex: 12    Spells: 10/10 levels left

rFire    + . .     SeeInvis .   a - +0 long sword
rCold    . . .     Gourm    +   c - +1 shield
rNeg     . . .     Faith    .   v - +1 chain mail of the Volcano {rF+}
rPois    +         Spirit   .   (no helmet)
rElec    .         Reflect  .   (no cloak)
rCorr    .         Harm     .   (no gloves)
MR       .....                  (no boots)
Stlth    ..........             w - amulet of the gourmand
HPRegen  0.24/turn              p - ring of wizardry
MPRegen  0.13/turn              r - ring of poison resistance

@: mighty, about to teleport, heroism, sanguine armour
A: claws 1, demonic guardian 1, powered by pain 3, sanguine armour 2
a: Heroism, Renounce Religion


You were on level 2 of the Abyss.
You worshipped Okawaru.
Okawaru was greatly pleased with you.
You were very hungry.

You visited 2 branches of the dungeon, and saw 12 of its levels.
You visited the Abyss 1 time.
You also visited: Sewer.

You collected 447 gold pieces.
You spent 98 gold pieces at shops.

Inventory:

Hand Weapons
 a - a +0 long sword (weapon)
 b - a +2 hand axe of flaming
Armour
 c - a +1 shield (worn)
 v - the +1 chain mail of the Volcano (worn) {rF+}
   (You found it on level 4 of the Dungeon)

   It protects you from fire.
Jewellery
 p - a ring of wizardry (left claw)
 r - a ring of poison resistance (right claw)
 w - an amulet of the gourmand (around neck)
 x - an uncursed amulet of guardian spirit
 y - an uncursed amulet of magic regeneration
Wands
 h - a wand of enslavement (8)
 o - a wand of iceblast (1)
 z - a wand of digging (5)
Scrolls
 d - 2 scrolls of fear
 i - 3 scrolls of teleportation
 j - 2 scrolls of remove curse
 l - 2 scrolls of enchant armour
 m - a scroll of torment {unknown}
 n - 2 scrolls of fog
 s - a scroll of acquirement {unknown}
 A - 2 scrolls of enchant weapon
 B - a scroll of brand weapon {unknown}
 C - a scroll of amnesia
 D - a scroll of summoning {unknown}
 E - 2 scrolls of identify
Potions
 e - 2 potions of invisibility
 g - 2 potions of heal wounds
 k - a potion of magic
 q - a potion of cancellation
 t - a potion of brilliance
 u - 3 potions of curing
Comestibles
 f - 24 rations


   Skills:
 + Level 8.0(13.0) Fighting
 + Level 10.5(15.5) Long Blades
 + Level 7.9(12.9) Armour
 + Level 3.5(8.5) Dodging
 + Level 2.1(7.1) Stealth
 + Level 8.6(13.6) Shields
 + Level 2.5 Invocations
 + Level 1.0 Evocations


You had 10 spell levels left.
You didn't know any spells.
Your spell library contained the following spells:

 Spells                   Type           Power        Failure   Level  Hunger
 Infusion                 Chrm           #...         58%         1    ##.....
 Summon Small Mammal      Summ           #...         58%         1    ##.....
 Call Imp                 Summ           #.......     71%         2    ###....
 Shroud of Golubria       Chrm/Tloc      #.....       71%         2    ###....
 Song of Slaying          Chrm           #.......     71%         2    ###....
 Call Canine Familiar     Summ           #.......     90%         3    ####...
 Regeneration             Chrm/Necr      #.........   90%         3    ####...
 Spectral Weapon          Hex/Chrm       #.......     90%         3    ####...
 Summon Guardian Golem    Hex/Summ       #.......     90%         3    ####...
 Summon Ice Beast         Ice/Summ       #.......     99%         4    #####..
 Summon Lightning Spire   Summ/Air       #.......     99%         4    #####..


Dungeon Overview and Level Annotations

Branches:
Dungeon (11/15)            Temple (1/1) D:6            Lair (0/6) D:11
  Sewer (visited)
    Orc: D:9-12

Altars:
Ashenzari
Cheibriados
Dithmenos
Elyvilon
Fedhas
Gozag
Hepliaklqana
Kikubaaqudgha
Makhleb
Nemelex Xobeh
Okawaru
Qazlal
Ru
Sif Muna
Trog
Uskayaw
Vehumet
Wu Jian
Xom
Yredelemnul
Zin
The Shining One

Shops:
D:5 (   D:6 [   D:7 **   D:9 =


Innate Abilities, Weirdness & Mutations

You have sharp fingernails.
A weak demonic guardian rushes to your aid.
You are powered by pain.
When seriously injured, your bleeding wounds create thick armour. (AC +9)


Message History

The small abomination hits you.
Unknown command.
You hit the small abomination.
You destroy the small abomination!
Okawaru accepts your kill.
Unknown command.
You closely miss the sun demon. You block the sun demon's attack.
Your iron imp hits the sun demon.
You slash the sun demon!
The sun demon is lightly wounded.
The sun demon hits you!
* * * LOW HITPOINT WARNING * * *
You focus on the pain.
You feel very mighty all of a sudden.
You are engulfed in flames.
You resist.
* * * LOW HITPOINT WARNING * * *
You miss the sun demon.
The sun demon is lightly wounded.
The sun demon hits you!
You die...

#.##.# # #
#.# #..#.#.#
#. . ###.#.
. # #.
...#3###.#
#..###..##..
..#...#.#
#5#..##.##
##35.##
#@#### ###


You could see a sun demon, a friendly iron imp and a friendly white imp.

Vanquished Creatures
  A tentacled starspawn (Abyss:2)
  Harold (D:7)
  A two-headed ogre (D:8)
  A queen ant (D:9)
  An ugly thing (D:9)
  An ancient zyme (Abyss:2)
  Grinder (D:6)
  4 hogs (D:7)
  A wraith (D:10)
  A wyvern (D:8)
  2 hungry ghosts
  19 soldier ants
  3 sky beasts
  2 phantoms (D:6)
  4 ice beasts
  2 ogres
  A necrophage (D:10)
  2 centaurs
  2 small abominations (Abyss:2)
  A crocodile (D:8)
  2 bullfrogs
  A gnoll sergeant (D:9)
  3 scorpions
  9 killer bees (D:9)
  A centaur zombie (D:11)
  2 crimson imps
  A jelly (D:8)
  4 quasits
  2 centaur skeletons (D:6)
  4 hounds
  2 orc priests (D:9)
  A bullfrog skeleton (D:5)
  4 orc wizards
  24 worker ants
  A killer bee zombie (D:6)
  A hound zombie (D:9)
  A hound skeleton (D:4)
  11 adders
  8 gnolls
  3 shadow imps
  2 oozes
  3 worms
  2 dart slugs (D:1)
  4 leopard geckos
  28 orcs
  2 ball pythons
  7 giant cockroaches
  6 goblins
  8 hobgoblins
  11 jackals
  19 kobolds
  7 quokkas
  6 bats
  6 frilled lizards
  A jackal skeleton (D:5)
  A leopard gecko skeleton (D:6)
  A quokka zombie (D:5)
  10 rats
260 creatures vanquished.

Vanquished Creatures (collateral kills)
  A two-headed ogre (D:8)
  A hippogriff (D:8)
  A ynoxinul (Abyss:2)
  A human (D:7)
  A hungry ghost (D:6)
  A soldier ant (D:10)
  An ice beast (D:7)
  A crocodile (Sewer)
  3 bullfrogs
  A scorpion (D:4)
  A killer bee (D:9)
  A crimson imp (D:9)
  3 hounds
  An orc wizard (D:4)
  An iguana (D:6)
  A worker ant (D:10)
  2 gnolls (D:2)
  An adder (D:7)
  2 jackals (D:4)
  A quokka (D:6)
  A ball python (D:6)
27 creatures vanquished.

Vanquished Creatures (others)
  2 starspawn tentacles (Abyss:2)
2 creatures vanquished.

Grand Total: 289 creatures vanquished

Notes
Turn   | Place    | Note
-------+----------+-------------------------------------------
     0 | D:1      | Peloso the Demonspawn Fighter began the quest for the Orb.
     0 | D:1      | Reached XP level 1. HP: 18/18 MP: 1/1
    61 | D:1      | Gained mutation: A weak demonic guardian rushes to your
                  | aid. [demonic ancestry]
    61 | D:1      | Reached XP level 2. HP: 11/24 MP: 2/2
   184 | D:1      | Reached skill level 2 in Long Blades
   427 | D:1      | Reached XP level 3. HP: 19/29 MP: 3/3
   778 | D:2      | Gained mutation: When seriously injured, your bleeding
                  | wounds create armour. (AC +9) [demonic ancestry]
   778 | D:2      | Reached XP level 4. HP: 11/35 MP: 4/4
  1062 | D:2      | Reached skill level 3 in Long Blades
  1758 | D:2      | Found a hide-covered altar of Uskayaw.
  1760 | D:2      | Found a white marble altar of Elyvilon.
  1760 | D:2      | Found a hide-covered altar of Uskayaw.
  1762 | D:2      | Found a shimmering altar of Xom.
  1762 | D:2      | Found a blossoming altar of Fedhas.
  1762 | D:2      | Found an opulent altar of Gozag.
  2374 | D:3      | Gained mutation: You sometimes gain a little power by
                  | taking damage. [demonic ancestry]
  2374 | D:3      | Reached XP level 5. HP: 41/41 MP: 5/5
  3287 | D:3      | Gained mutation: You sometimes gain power by taking damage.
                  | [demonic ancestry]
  3287 | D:3      | Reached XP level 6. HP: 36/48 MP: 6/6
  3788 | D:4      | Reached skill level 4 in Long Blades
  4065 | D:4      | Got a transparent chain mail
  4076 | D:4      | Identified the +1 chain mail of the Volcano {rF+} (You
                  | found it on level 4 of the Dungeon)
  4167 | D:4      | Reached skill level 1 in Dodging
  4267 | D:4      | Noticed a sky beast
  4288 | D:4      | Gained mutation: You are powered by pain. [demonic
                  | ancestry]
  4288 | D:4      | Reached XP level 7. HP: 38/54 MP: 7/7
  4700 | D:5      | Entered Level 5 of the Dungeon
  4838 | D:5      | Found a glowing silver altar of Zin.
  4914 | D:5      | Reached skill level 5 in Long Blades
  5163 | D:5      | Found Guhuh's Weapon Shop.
  5266 | D:6      | Noticed Grinder
  5293 | D:6      | Paralysed by Grinder for 3 turns
  5298 | D:6      | Killed Grinder
  5298 | D:6      | Gained mutation: When seriously injured, your bleeding
                  | wounds create thick armour. (AC +9) [demonic ancestry]
  5298 | D:6      | Reached XP level 8. HP: 45/61 MP: 8/8
  5320 | D:6      | Found a basalt altar of Yredelemnul.
  5329 | D:6      | Reached skill level 5 in Shields
  5483 | D:6      | Reached skill level 5 in Armour
  5515 | D:6      | Found a stormy altar of Qazlal.
  5546 | D:6      | Found Goaf's Antique Armour Shop.
  5580 | D:6      | Reached skill level 5 in Fighting
  5587 | D:6      | Found a glowing drain.
  5617 | Sewer    | Entered a sewer
  5806 | D:6      | Found a staircase to the Ecumenical Temple.
  5816 | Temple   | Entered the Ecumenical Temple
  6299 | D:6      | Found an iron altar of Okawaru.
  6506 | D:6      | Became a worshipper of Warmaster Okawaru
  6711 | D:7      | Reached skill level 6 in Long Blades
  6760 | D:7      | Found Possuk's General Store.
  6887 | D:7      | Reached skill level 1 in Stealth
  6937 | D:7      | Reached * piety under Okawaru
  6937 | D:7      | Reached XP level 9. HP: 40/68 MP: 9/9
  7230 | D:7      | Noticed Harold
  7254 | D:7      | Killed Harold
  7254 | D:7      | Reached ** piety under Okawaru
  7254 | D:7      | Reached skill level 7 in Long Blades
  7425 | D:7      | Found Miuboppoa's General Store.
  7463 | D:7      | Bought a potion of degeneration for 14 gold pieces
  7889 | D:8      | Noticed a two-headed ogre
  7899 | D:8      | Killed a two-headed ogre
  7899 | D:8      | Reached *** piety under Okawaru
  7899 | D:8      | Reached skill level 8 in Long Blades
  7899 | D:8      | Reached XP level 10. HP: 58/76 MP: 5/10
  8183 | D:8      | Noticed a two-headed ogre
  8190 | D:8      | Killed a two-headed ogre
  8190 | D:8      | Reached skill level 1 in Evocations
  8506 | D:9      | Found an ornate altar of the Wu Jian Council.
  9092 | D:9      | Found Jifuulosoh's Jewellery Emporium.
  9183 | D:9      | Bought a cursed amulet of inaccuracy for 26 gold pieces
  9183 | D:9      | Bought a cursed ring of teleportation for 58 gold pieces
  9267 | D:9      | Reached skill level 1 in Invocations
  9287 | D:9      | Noticed a purple ugly thing
  9307 | D:9      | Killed a purple ugly thing
  9657 | D:9      | Found a blossoming altar of Fedhas.
  9721 | D:10     | Entered Level 10 of the Dungeon
  9856 | D:10     | Found a white marble altar of Elyvilon.
  9884 | D:10     | Reached skill level 9 in Long Blades
 10106 | D:10     | Received a gift from Okawaru
 10866 | D:10     | Noticed a queen ant
 10925 | D:9      | Gained mutation: You have sharp fingernails. [demonic
                  | ancestry]
 10925 | D:9      | Reached XP level 11. HP: 42/83 MP: 12/12
 11280 | D:9      | Killed a queen ant
 11280 | D:9      | Reached **** piety under Okawaru
 12642 | D:10     | Reached skill level 10 in Long Blades
 12985 | D:11     | Found a staircase to the Lair.
 13130 | D:11     | Cast into level 2 of the Abyss (big kobold)
 13130 | Abyss:2  | Found a corrupted altar of Lugonu.
 13251 | Abyss:2  | Noticed a tentacled starspawn
 13269 | Abyss:2  | Killed a tentacled starspawn
 13331 | Abyss:2  | Noticed a sun demon
 13356 | Abyss:2  | Slain by a sun demon

Levels and vault maps discovered:
D:1:      minmay_arrival_checkered_box, layout_rooms, minmay_tromino_v4_c
D:2:      layout_loops_corners, doesnt_xom_only_xom, grunt_ministairs_2
D:3:      minmay_spotlight, layout_basic, cheibrodos_gnoll_hut
D:4:      minmay_skewed_foursquare, layout_basic, first_ration
D:5:      minmay_goblin_kobold_castle, layout_basic, kennysheep_mini_moat,
          serial_shops, nicolae_shop_behind_doors
D:6:      layout_basic, nicolae_qazlal_eye_of_the_storm, marbit_many_paths,
          yredelemnul_altar_generic, temple_statues, serial_shops,
          shop_fountains, cheibrodos_sewer_entry_drain, uniq_grinder
D:7:      layout_loops_ring, serial_shops, nicolae_shop_statue_plus,
          nicolae_shop_temple_entry_statues_fountains, grunt_livestock,
          uniq_harold
D:8:      layout_loops_corners, hangedman_abyss_or_decor_stabs
D:9:      layout_small_grid, lemuel_crystal_altar, kennysheep_little_box,
          serial_shops, shop
D:10:     layout_stronghold, basic_altar, minivault_29
D:11:     layout_cave_pods, lair_entry_dummy, orc_0_dummy,
          chequers_serial_rivers_micro_b, chequers_serial_rivers_micro_a,
          led_sif_book
Temple:   regret_index_temple_generic_petals
Abyss:2:  base: Temple, evilmike_abyss_exit_15, minivault_22,
          evilmike_abyss_exit_16, evilmike_abyss_exit_9, hangedman_abyss_theft

Skill      XL: |  1  2  3  4  5  6  7  8  9 10 11 |
---------------+----------------------------------+-----
Shields        | 3 4 5 6 7 8 |  8.6
Long Blades    | 2 3 4 5 6 8 9 10 | 10.5
Armour         | 3 4 5 6 7 |  7.9
Fighting       | 4 5 6 7 8 |  8.0
Dodging        | 1 2 3 |  3.5
Stealth        | 1 2 |  2.1
Evocations     | 1 |  1.0
Invocations    | 2 |  2.5

Action                   |  1- 3 |  4- 6 |  7- 9 | 10-12 || total
-------------------------+-------+-------+-------+-------++-------
Melee: Long sword        |   129 |   351 |   451 |   872 ||  1803
Invok: Heroism           |       |       |     1 |    27 ||    28
Evoke: Wand              |       |       |     6 |       ||     6
  Use: Potion            |     1 |       |       |     2 ||     3
       Scroll            |       |       |     9 |     9 ||    18
 Stab: Distracted        |       |     1 |     1 |     2 ||     4
  Eat: Chunk             |       |     9 |    15 |    14 ||    38
       Ration            |       |     1 |     2 |     1 ||     4
Armor: Scale mail        |    75 |    32 |       |       ||   107
       Chain mail        |       |   155 |   245 |   290 ||   690
Dodge: Dodged            |    50 |    84 |   116 |   199 ||   449
Block: Shield            |    77 |   183 |   260 |   425 ||   945
       Rpst.: Long sword |    14 |    26 |    21 |    77 ||   138
